 Dungeon Crawl Stone Soup version 0.31.0-11-ge490571c62 (console) character file.

Game seed: 10864331640545211382

343 AlterAsc the Shooter (level 6, 0/35 HPs)
             Began as a Gargoyle Hunter on Feb 7, 2024.
             Was a Follower of Zin.
             Slain by an iguana (4 damage)
             ... on level 4 of the Dungeon.
             The game lasted 00:06:47 (3351 turns).

AlterAsc the Shooter (Gargoyle Hunter)              Turns: 3351, Time: 00:06:48

Health: 0/35       AC: 10    Str: 13 (14) XL:     6   Next: 57%
Magic:  7/7        EV: 11    Int:  9 (10) God:    Zin [*.....]
Gold:   141        SH:  0    Dex: 13 (15) Spells: 5/5 levels left

rFire   . . .        a - +0 shortbow
rCold   . . .        (shield currently unavailable)
rNeg    + . .        c - +0 leather armour
rPois   ∞            q - +1 helmet
rElec   +            v - +0 cloak
rCorr   .            (no gloves)
SInv    .            (no boots)
Will    .....        (no amulet)
Stlth   +            (no ring)
HPRegen 0.25/turn    (no ring)
MPRegen 0.10/turn

%: no passive effects
@: no status effects
A: sickness immunity, AC +4, negative energy resistance 1, electricity
resistance, torment resistance 1, petrification resistance
a: Renounce Religion, Recite, Donate Gold


You were on level 4 of the Dungeon.
You worshipped Zin.
Zin was aware of your devotion.
You visited 1 branch of the dungeon, and saw 4 of its levels.

You collected 156 gold pieces.
You donated 15 gold pieces to Zin.

Inventory:

Hand Weapons
 a - a +0 shortbow (weapon)
Missiles
 m - a throwing net
Armour
 c - a +0 leather armour (worn)
 q - a +1 helmet (worn)
 v - a +0 cloak (worn)
Wands
 o - a wand of roots (9)
 u - a wand of mindburst (15)
Scrolls
 b - a scroll of butterflies
 e - 2 scrolls of vulnerability {unknown}
 f - 2 scrolls of teleportation {unknown}
 i - a scroll of amnesia {unknown}
 k - a scroll of brand weapon {unknown}
 p - a scroll of torment {unknown}
 r - a scroll of enchant armour {unknown}
 s - a scroll of identify {unknown}
 t - a scroll of immolation {unknown}
Potions
 d - a potion of haste {unknown}
 g - 2 potions of cancellation
 h - a potion of lignification {unknown}
 j - a potion of heal wounds {unknown}
 l - a potion of attraction {unknown}
 n - a potion of degeneration


   Skills:
 - Level 2.2 Fighting
 + Level 7.3 Ranged Weapons
 - Level 1.6 Dodging
 - Level 1.2 Stealth
 - Level 2.0 Invocations


You had 5 spell levels left.
You didn't know any spells.
Your spell library contained the following spells:

 Spells                   Type           Power      Damage    Failure   Level
 Apportation              Tloc           0%         N/A       45%         1
 Blink                    Tloc           0%         N/A       61%         2
 Inner Flame              Hex/Fire       0%         N/A       83%         3
 Irradiate                Conj/Alch      0%         3d11      100%        5
 Silence                  Hex/Air        0%         N/A       100%        5
 Ignition                 Fire           0%         3d3       100%        8


Dungeon Overview and Level Annotations

Branches:
Dungeon (4/15)
 Temple: D:4-7

Altars:
Fedhas
Nemelex Xobeh
Uskayaw
Xom
Yredelemnul
Zin

Shops:
D:1 [

Annotations:
D:3 2 runed translucent doors, Pargi; koorschki's ghost, amateur DsFi


Innate Abilities, Weirdness & Mutations

You are immune to sickness and miasma.
Your stone body is resilient. (AC +4)
You are immune to poison.
You resist negative energy. (rN+)
You are resistant to electric shocks. (rElec)
You are resistant to unholy torment.
You are immune to petrification.


Message History

You shoot an arrow.
The arrow hits the iguana but does no damage.
The iguana bites you!
You shoot an arrow.
The arrow hits the iguana but does no damage.
The iguana bites you!
You are too injured to fight recklessly!
Fire: a) +0 shortbow
Press: ? - help, Shift-Dir - straight line, f/p - iguana
Aim: an iguana (66% to hit)
You shoot an arrow.
The arrow hits the iguana but does no damage.
The iguana misses you.
Fire: a) +0 shortbow
Press: ? - help, Shift-Dir - straight line, f/p - iguana
Aim: an iguana (66% to hit)
You shoot an arrow. The arrow hits the iguana.
The iguana is lightly wounded.
The iguana bites you!
* * * LOW HITPOINT WARNING * * *
Fire: a) +0 shortbow
Press: ? - help, Shift-Dir - straight line, f/p - iguana
Aim: an iguana (lightly wounded, 66% to hit)
You shoot an arrow. The arrow hits the iguana.
The iguana is lightly wounded.
The iguana bites you.
* * * LOW HITPOINT WARNING * * *
It was a potion of cancellation.
You feel magically purged.
The iguana bites you but does no damage.
It was a potion of degeneration.
There was something very wrong with that liquid.
You feel weakened.
You feel dopey.
You feel clumsy. The iguana closely misses you.
Okay, then.
Unknown command.
The iguana attacks as it pursues you!
The iguana bites you but does no damage.
An adder comes into view.
The iguana attacks as it pursues you! The iguana bites you.
You die...

#.......### #.........
#.......# #.......# #......<#
## #.## ##8## #..# #....
#######.##..# ............# #
.######l..### ###..
####@#.#####....
S...............#
..............###
..<..........##
....(.........##
................#
...............#.#
#######...............#.#
...##...................#
........................#######
............#.................#


You could see an iguana and an adder (asleep).

Vanquished Creatures
  2 phantoms (D:4)
  An iguana (D:3)
  Robin (D:3)
  5 gnolls
  3 adders (D:2)
  A ribbon worm (D:2)
  5 dart slugs
  An orc (D:4)
  5 endoplasms
  2 giant cockroaches
  12 goblins
  8 hobgoblins
  2 jackals (D:4)
  A quokka (D:1)
  6 ball pythons
  4 bats
  3 frilled lizards
  6 kobolds
  7 rats
75 creatures vanquished.

Notes
Turn   | Place    | Note
-------+----------+-------------------------------------------
     0 | D:1      | AlterAsc the Gargoyle Hunter began the quest for the Orb.
     0 | D:1      | Reached XP level 1. HP: 12/12 MP: 1/1
   242 | D:1      | Reached XP level 2. HP: 9/17 MP: 2/2
   638 | D:1      | Reached XP level 3. HP: 21/21 MP: 3/3
   682 | D:1      | Found Yssetu Guax's Armour Shoppe.
   935 | D:2      | Reached skill level 5 in Ranged Weapons
  1089 | D:2      | Reached XP level 4. HP: 26/26 MP: 4/4
  1670 | D:2      | Reached skill level 6 in Ranged Weapons
  1828 | D:2      | Found a faded altar of an unknown god.
  2016 | D:3      | Found a runed translucent door.
  2029 | D:3      | Noticed a bullfrog
  2050 | D:3      | Reached XP level 5. HP: 30/30 MP: 5/5
  2139 | D:3      | Found a blossoming altar of Fedhas.
  2146 | D:3      | Found a glowing silver altar of Zin.
  2150 | D:3      | Found a basalt altar of Yredelemnul.
  2152 | D:3      | Found a hide-covered altar of Uskayaw.
  2158 | D:3      | Found a sparkling altar of Nemelex Xobeh.
  2173 | D:3      | Became a worshipper of Zin the Law-Giver
  2173 | D:3      | Reached * piety under Zin
  2196 | D:3      | Found a shimmering altar of Xom.
  2292 | D:3      | Found a runed translucent door.
  2303 | D:3      | Noticed Robin
  2325 | D:3      | Killed Robin
  2513 | D:3      | Noticed Pargi
  2769 | D:3      | Noticed koorschki's ghost (amateur DsFi)
  2939 | D:3      | Reached skill level 1 in Invocations
  3210 | D:4      | Noticed a phantom
  3224 | D:4      | Killed a phantom
  3225 | D:4      | Reached XP level 6. HP: 35/35 MP: 5/7
  3255 | D:4      | Reached skill level 7 in Ranged Weapons
  3284 | D:4      | Got Pesank's Book of Fateful Peregrination
  3351 | D:4      | Slain by an iguana

Illustrated notes

Levels and vault maps discovered:
D:1:      matt_arrival_grand_opening, layout_basic, serial_shops, shop,
          kennysheep_boxes
D:2:      layout_loops_ring, shapermc_ecumenical_altar_petra
D:3:      layout_basic, nicolae_overflow_hallway_of_the_gods, xom_teletrap_fun,
          ebering_ghost_sewer_f, uniq_pargi, uniq_robin
D:4:      layout_rooms, gammafunk_ghost_necromancy,
          amcnicky_mini_corridor_feature

Skill      XL: |  1  2  3  4  5  6 |
---------------+-------------------+-----
Ranged Weapons | 5 6 7 |  7.3
Invocations    | 2 |  2.0
Fighting       | |  2.2
Dodging        | |  1.6
Stealth        | |  1.2

Action                     |  1- 3 |  4- 6 || total
---------------------------+-------+-------++-------
   Fire: Shortbow          |    74 |   215 ||   289
  Throw: Throwing net      |       |     1 ||     1
    Use: Potion            |       |     2 ||     2
 Armour: Leather armour    |     9 |    83 ||    92
  Dodge: Dodged            |    12 |    60 ||    72
